 Dungeon Crawl Stone Soup version 0.25-a0-1119-g28b6fd0c3b (webtiles) character file.

Game seed: 14876141878021915836, levelgen mode: deterministic

15815 Maedhros the Nimble (level 12, -3/82 (84) HPs)
             Began as an Octopode Artificer on May 18, 2020.
             Was a High Priest of Cheibriados.
             Engulfed by a cloud of freezing vapour (7 damage)
             ... in an ice cave.
             The game lasted 00:38:05 (5171 turns).

Maedhros the Nimble (Octopode Artificer)            Turns: 5171, Time: 00:38:05

HP:   -3/82 (84)    AC:  1    Str: 22    XL:     12   Next: 31%
MP:   10/17         EV: 27    Int: 27    God:    Cheibriados [*****.]
Gold: 512           SH: 10    Dex: 34    Spells: 11/11 levels left

rFire    . . .     SeeInvis .   z - +7 hunting sling "Acoeskau" {vorpal, *Slow rPois Int+2}
rCold    + + .     Gourm    .   D - +2 buckler {rC+}
rNeg     . . .     Faith    .   (helmet restricted)
rPois    +         Spirit   .   (no amulet)
rElec    .         Reflect  .   b - ring of protection from fire
rCorr    .         Harm     .   o - +6 ring of dexterity
MR       .....                  c - ring of ice
Stlth    +++++.....             w - ring of wizardry
HPRegen  0.23/turn              (no ring)
MPRegen  0.15/turn              (no ring)
                                (no ring)
                                (no ring)

@: very slow
A: almost no armour, stealthy swim, amphibious, 8 rings, constrict 8, camouflage
1, blurry vision 1, poison resistance, gelatinous body 1
a: Bend Time, Temporal Distortion, Slouch, Step From Time, Renounce Religion


You were in an ice cave.
You worshipped Cheibriados.
Cheibriados was extremely pleased with you.
You were not hungry.

You visited 2 branches of the dungeon, and saw 14 of its levels.
You also visited: Ice Cave.

You collected 512 gold pieces.

Inventory:

Hand Weapons
 h - a +2 dagger of flaming
 i - the +7 flail "Zaeritae" {vorpal, Stlth+}
   (You found it on level 4 of the Dungeon)

   It inflicts extra damage upon your enemies.
   It makes you more stealthy.
 z - the +7 hunting sling "Acoeskau" (weapon) {vorpal, *Slow rPois Int+2}
   (You took it off an orc knight on level 11 of the Dungeon)

   Any stone fired from it inflicts extra damage.
   It affects your intelligence (+2).
   It protects you from poison.
   It may slow you when you take damage.
Missiles
 l - 59 sling bullets (quivered)
 r - 14 poisoned darts
 C - 7 curare-tipped darts
Armour
 D - a +2 buckler of cold resistance (worn)
Magical Staves
 s - an uncursed staff of summoning {unknown}
Jewellery
 b - a ring of protection from fire (left tentacle)
 c - a ring of ice (on tentacle)
 o - a +6 ring of dexterity (right tentacle)
 w - a ring of wizardry (on tentacle)
Wands
 x - a wand of polymorph (6)
 A - a wand of clouds (4)
Scrolls
 d - a scroll of teleportation
 g - a scroll of immolation
 j - a scroll of enchant weapon {unknown}
 k - 5 scrolls of remove curse
 m - a scroll of amnesia {unknown}
 p - 4 scrolls of magic mapping
 t - a scroll of silence {unknown}
 u - a scroll of blinking
 y - a scroll of identify
 B - a scroll of fog
Potions
 a - 3 potions of curing
 q - 4 potions of flight
 v - a potion of magic
Comestibles
 f - 9 rations


   Skills:
 + Level 8.6 Fighting
 - Level 1.0 Short Blades
 + Level 4.7 Slings
 + Level 11.0 Dodging
 - Level 4.0 Stealth
 - Level 4.0 Shields
 - Level 10.4 Unarmed Combat
 - Level 7.1 Invocations
 - Level 3.2 Evocations


You had 11 spell levels left.
You didn't know any spells.
Your spell library was empty.

Dungeon Overview and Level Annotations

Branches:
Dungeon (13/15)            Temple (1/1) D:4            Lair (0/6) D:8
  IceCv (1/1)
    Orc: D:9-12      Vaults: D:13-14

Altars:
Ashenzari
Cheibriados
Dithmenos
Elyvilon
Fedhas
Gozag
Hepliaklqana
Kikubaaqudgha
Makhleb
Nemelex Xobeh
Okawaru
Qazlal
Ru
Sif Muna
Trog
Uskayaw
Wu Jian
Xom
Yredelemnul
Zin
The Shining One

Shops:
D:10 :

Annotations:
D:5 2 transporters, Mandevil's ghost, novice GnWr IceCv exclusion: ice statue


Innate Abilities, Weirdness & Mutations

You cannot wear most types of armour.
You are very stealthy in the water. (Stealth+)
You are amphibious.
You can wear up to eight rings at the same time.
You can use your tentacles to constrict eight enemies at once.
Your skin changes colour to match your surroundings (Stealth+).
Your rubbery body absorbs attacks. (AC +1, EV +1)
Scrolls take you a little longer to read.
Your system is resistant to poisons. (rPois)


Message History

You swing at nothing.
You swing at nothing.
You swing at nothing.
You swing at nothing.
You swing at nothing.
You swing at nothing.
You swing at nothing.
You swing at nothing.
You swing at nothing.
You swing at nothing.
You swing at nothing.
You swing at nothing.
You swing at nothing.
You swing at nothing.
You are engulfed in freezing vapours.
You resist.
You swing at nothing.
You are engulfed in freezing vapours.
You resist.
* * * LOW HITPOINT WARNING * * *
You swing at nothing.
You are engulfed in freezing vapours.
You resist.
* * * LOW HITPOINT WARNING * * *
You swing at nothing.
You are engulfed in freezing vapours.
You resist.
You die...

#....## #...#
##..## .... #...##
...# ##...# ..○
#..## ##§☼##
#...#### #§§°.#
##.°#§.## ##§#§.#
#..#...##
.#.§##@##
#..≈....#
○...○#..#
#...##..##
.§§○°§..#
#.§###...#
#444#○..#
##.#.##..# §§.
#§..# ##....#..# ≈
#...###....##..#
###☼...##....#..##
#§.§...##[..##..#
#.○§§§#..##[.#..##


There were no monsters in sight!

Vanquished Creatures
  A centaur warrior (D:11)
  3 two-headed ogres
  A deep troll (D:12)
  2 orc knights (D:11)
  An ugly thing (D:11)
  2 cyclopes
  A black mamba (D:11)
  An ice statue (IceCv)
  A gargoyle (D:11)
  A rime drake (shapeshifter) (D:12)
  4 ice devils (IceCv)
  An efreet (D:11)
  2 orc warriors
  A troll (D:10)
  2 slime creatures
  3 hippogriffs
  A shadow (D:11)
  12 yaks
  3 wyverns
  A water moccasin (D:10)
  A meliai simulacrum (D:11)
  2 sky beasts
  4 black bears
  2 necrophages
  2 ice beasts
  6 ogres
  An eye of draining (D:11)
  3 phantoms
  4 centaurs
  A big kobold (D:11)
  14 bullfrogs
  3 scorpions
  3 killer bees (D:12)
  A howler monkey (D:10)
  5 crimson imps
  2 quasits
  A bullfrog zombie (D:13)
  6 hounds
  3 jellies
  3 orc priests
  3 orc wizards
  An iguana (D:11)
  5 worker ants
  A bullfrog simulacrum (D:11)
  A hound zombie (D:11)
  A worker ant zombie (D:8)
  A gnoll (D:1)
  10 adders
  3 shadow imps
  14 white imps
  7 ufetubi (IceCv)
  An ooze (D:1)
  A worm (D:2)
  2 dart slugs
  5 leopard geckos
  26 orcs
  3 bats
  A giant cockroach (D:3)
  4 goblins
  5 hobgoblins
  3 jackals (D:8)
  6 kobolds
  4 quokkas
  4 frilled lizards
  A leopard gecko skeleton (D:6)
  A quokka skeleton (D:7)
  2 rats
227 creatures vanquished.

Vanquished Creatures (collateral kills)
  A big kobold (D:7)
  A water moccasin skeleton (D:7)
  A hound (D:7)
  2 orc wizards
  An adder (D:2)
  A dart slug (D:2)
  An orc (D:5)
  2 kobolds (D:7)
10 creatures vanquished.

Vanquished Creatures (others)
  A yak (D:9)
  An ogre (D:7)
  2 centaurs
  An orc wizard (D:5)
  2 ufetubi (IceCv)
  A leopard gecko (D:2)
  An orc (D:3)
9 creatures vanquished.

Grand Total: 246 creatures vanquished

Notes
Turn   | Place    | Note
-------+----------+-------------------------------------------
     0 | D:1      | Maedhros the Octopode Artificer began the quest for the
                  | Orb.
     0 | D:1      | Reached XP level 1. HP: 13/13 MP: 3/3
    55 | D:2      | Reached XP level 2. HP: 10/18 MP: 4/4
   200 | D:2      | Reached skill level 1 in Unarmed Combat
   200 | D:2      | Reached XP level 3. HP: 7/23 MP: 5/5
   256 | D:4      | Found a staircase to the Ecumenical Temple.
   265 | Temple   | Entered the Ecumenical Temple
   289 | Temple   | Became a worshipper of Xom of Chaos
   298 | Temple   | Fell from the grace of Xom
   298 | Temple   | Became a worshipper of Cheibriados the Contemplative
   555 | D:1      | Reached XP level 4. HP: 24/28 MP: 6/6
   556 | D:1      | XOM: stat loss: -2 Int (12/14)
   813 | D:2      | XOM: stat loss: -2 Dex (12/14)
   817 | D:2      | Reached * piety under Cheibriados
   975 | D:3      | Reached XP level 5. HP: 27/33 MP: 7/7
  1149 | D:4      | Got a crystal flail
  1150 | D:4      | Identified the +7 flail "Zaeritae" {vorpal, Stlth+} (You
                  | found it on level 4 of the Dungeon)
  1183 | D:5      | Entered Level 5 of the Dungeon
  1221 | D:5      | Noticed an ice beast
  1259 | D:5      | XOM: god gift: 9 sling bullets
  1272 | D:5      | Noticed an ogre
  1277 | D:5      | Killed an ogre
  1277 | D:5      | Reached skill level 3 in Dodging
  1277 | D:5      | Reached XP level 6. HP: 17/40 MP: 8/8
  1371 | D:5      | Found a transporter.
  1372 | D:5      | Noticed Mandevil's ghost (novice GnWr)
  1382 | D:5      | Found a transporter.
  1449 | D:5      | Reached ** piety under Cheibriados
  1460 | D:5      | Killed an ice beast
  1498 | D:6      | Reached XP level 7. HP: 45/45 MP: 9/9
  1515 | D:6      | XOM: summons 4 hostile shadow creatures
  1516 | D:6      | Noticed a two-headed ogre
  1547 | D:6      | Reached skill level 5 in Unarmed Combat
  1551 | D:6      | XOM: summons 1 hostile demon
  1633 | D:6      | Reached skill level 4 in Dodging
  1687 | D:6      | XOM: give mutation
  1687 | D:6      | Gained mutation: Your flesh is heat resistant. (rF+) [Xom's
                  | mischief]
  1699 | D:7      | XOM: 1-stop teleportation journey
  1784 | D:8      | XOM: noise
  1812 | D:8      | Found a staircase to the Lair.
  1843 | D:8      | Found a bloodstained altar of Trog.
  1890 | D:8      | Reached XP level 8. HP: 54/54 MP: 10/10
  1951 | D:8      | Reached skill level 5 in Dodging
  1972 | D:8      | Reached *** piety under Cheibriados
  2144 | D:7      | Reached skill level 5 in Fighting
  2233 | D:7      | Found an opulent altar of Gozag.
  2272 | D:7      | Reached skill level 6 in Dodging
  2314 | D:7      | Reached XP level 9. HP: 29/60 MP: 11/11
  2450 | D:7      | Reached skill level 1 in Shields
  2562 | D:6      | Found a hide-covered altar of Uskayaw.
  2564 | D:6      | Found a shadowy altar of Dithmenos.
  2568 | D:6      | Found a burning altar of Makhleb.
  2569 | D:6      | Found an iron altar of Okawaru.
  2569 | D:6      | Found a glowing golden altar of the Shining One.
  2569 | D:6      | Found a hazy altar of Hepliaklqana.
  2569 | D:6      | Found a basalt altar of Yredelemnul.
  2573 | D:6      | Found a bloodstained altar of Trog.
  2687 | D:8      | XOM: silly message
  2744 | D:9      | XOM: silly message
  2759 | D:9      | Reached **** piety under Cheibriados
  2759 | D:9      | Reached skill level 7 in Dodging
  2803 | D:9      | XOM: silly message
  3103 | D:9      | Reached XP level 10. HP: 69/69 MP: 12/12
  3200 | D:9      | XOM: noise
  3207 | D:9      | Reached skill level 1 in Invocations
  3267 | D:10     | Entered Level 10 of the Dungeon
  3408 | D:11     | XOM: noise
  3472 | D:10     | Reached ***** piety under Cheibriados
  3558 | D:10     | Found Ynov's Book Shop.
  3580 | D:10     | Reached skill level 8 in Dodging
  3599 | D:10     | Noticed a two-headed ogre
  3608 | D:10     | Killed a two-headed ogre
  3654 | D:10     | Reached skill level 5 in Invocations
  3690 | D:10     | XOM: noise
  3806 | D:11     | Noticed a brown ugly thing
  3814 | D:11     | Killed a brown ugly thing
  3881 | D:11     | XOM: 1-stop teleportation journey
  3893 | D:11     | XOM: 1-stop teleportation journey
  3894 | D:11     | Noticed a two-headed ogre
  3991 | D:11     | Reached XP level 11. HP: 58/73 MP: 15/15
  3993 | D:11     | Noticed a cyclops
  4002 | D:11     | Killed a cyclops
  4016 | D:11     | XOM: polymorph hornet -> black mamba
  4037 | D:11     | Reached skill level 9 in Dodging
  4077 | D:11     | Noticed a two-headed ogre
  4096 | D:11     | Killed a two-headed ogre
  4164 | D:11     | Noticed an orc knight
  4204 | D:11     | Killed an orc knight
  4204 | D:11     | Reached skill level 10 in Unarmed Combat
  4237 | D:11     | Lost mutation: Your flesh is heat resistant. (rF+) [potion
                  | of mutation]
  4237 | D:11     | Gained mutation: Scrolls take you a little longer to read.
                  | [potion of mutation]
  4237 | D:11     | Gained mutation: You evolve. [potion of mutation]
  4245 | D:11     | Killed a two-headed ogre
  4263 | D:11     | Identified the +7 hunting sling "Acoeskau" {vorpal, *Slow
                  | rPois Int+2}
  4263 | D:11     | Noticed an orc knight
  4275 | D:11     | Killed an orc knight
  4282 | D:11     | Noticed a centaur warrior
  4287 | D:11     | Reached skill level 10 in Dodging
  4301 | D:11     | Killed a centaur warrior
  4301 | D:11     | Reached skill level 1 in Slings
  4421 | D:12     | XOM: polymorph something unseen -> shapeshifter
  4482 | D:12     | Reached XP level 12. HP: 61/80 MP: 17/17
  4489 | D:12     | Noticed a two-headed ogre
  4492 | D:12     | a two-headed ogre changed into a deep troll
  4522 | D:12     | Gained mutation: Your system is resistant to poisons.
                  | (rPois) [evolution]
  4522 | D:12     | Lost mutation: You evolve. [end of evolution]
  4699 | D:13     | XOM: 1-stop teleportation journey
  4806 | D:13     | Found a frozen archway.
  4816 | IceCv    | Entered an ice cave
  5145 | IceCv    | Reached skill level 11 in Dodging
  5170 | IceCv    | HP: 4/82 [something (11)]
  5171 | IceCv    | Engulfed by a cloud of freezing vapour

Illustrated notes

Levels and vault maps discovered:
D:1:      psy_arrival_fountain, layout_basic
D:2:      layout_rooms, serial_forest, infiniplex_forest_clump_medium,
          infiniplex_forest_fountain, infiniplex_forest_straight_2,
          infiniplex_forest_clump_double, infiniplex_forest_lined_ring,
          minmay_misc_feat_pillars, uniq_crazy_yiuf_cottage
D:3:      layout_basic
D:4:      layout_basic, vehumet_statue, minmay_temple_entry_waves, uniq_grinder
D:5:      layout_loops_corners, gammafunk_ghost_mausoleum, first_ration,
          minmay_manual_monstrance
D:6:      layout_rooms, minitemple, kennysheep_path_1
D:7:      layout_rooms, lemuel_coloured_pillars_altar
D:8:      layout_basic, lair_entry_dummy, basic_altar, grunt_pizzeria,
          grunt_decor_cap
D:9:      layout_loops_corners, minmay_misc_feat_square, minmay_fire_ice_demons
D:10:     layout_roguey, erik_orc_1, serial_shops, nicolae_shop_stone
D:11:     minmay_the_grid_3x2 [minmay_the_grid_holed_spiral,
          minmay_the_grid_garden, minmay_the_grid_broken_lines,
          minmay_the_grid_square_x, minmay_the_grid_zigzag_pyramid,
          minmay_the_grid_prize_four_corners], layout_basic,
          kennysheep_kite_vault
D:12:     layout_basic
D:13:     layout_loops_ring, portal_ice_cave_entry_pillars_1, minmay_evil_grid
Temple:   chequers_temple_sunken
IceCv:    ice_cave_small_demon

Skill      XL: |  1  2  3  4  5  6  7  8  9 10 11 12 |
---------------+-------------------------------------+-----
Stealth        | 2 4 |  4.0
Unarmed Combat | 1 2 3 4 5 6 8 9 10 | 10.4
Fighting       | 2 4 5 7 8 |  8.6
Dodging        | 3 4 6 7 8 10 11 | 11.0
Shields        | 3 4 |  4.0
Invocations    | 6 7 |  7.1
Slings         | 3 4 |  4.7
Short Blades   | |  1.0
Evocations     | |  3.2

Action                   |  1- 3 |  4- 6 |  7- 9 | 10-12 || total
-------------------------+-------+-------+-------+-------++-------
Melee: Spear             |    27 |    22 |       |       ||    49
       Constrict         |     6 |    23 |    27 |    54 ||   110
       Tentacles         |     4 |    13 |    43 |   126 ||   186
       Dagger            |       |    52 |       |       ||    52
       Punch             |       |     1 |     5 |    52 ||    58
       Flail             |       |     9 |    58 |       ||    67
       Unarmed           |       |       |    72 |   330 ||   402
       Short sword       |       |       |     1 |       ||     1
Throw: Dart              |       |       |     4 |    12 ||    16
Invok: Slouch            |       |       |       |     4 ||     4
       Temporal Distorti |       |       |       |     5 ||     5
Evoke: Wand              |     8 |    16 |    14 |    17 ||    55
  Use: Scroll            |       |     7 |     3 |     3 ||    13
       Potion            |       |       |     2 |     3 ||     5
 Stab: Sleeping          |     6 |     7 |    10 |    13 ||    36
       Paralysed         |       |       |       |    27 ||    27
       Distracted        |       |       |       |     3 ||     3
  Eat: Chunk             |       |     1 |     2 |     5 ||     8
       Ration            |       |       |       |     1 ||     1
Armor: Skin              |       |     5 |     7 |    10 ||    22
Dodge: Dodged            |    14 |    36 |    96 |   202 ||   348
Block: Buckler           |       |       |    31 |    91 ||   122

Table legend:
 A = Non-vault XP
 B = Vault XP
 C = Vault XP percentage of total XP
 D = Non-vault monster count
 E = Vault monster count
 F = Vault count percentage of total count
                 A         B        C        D         E       F
            +---------+---------+-------+---------+---------+-------
      Total |   13977 |    8617 |  38.1 |     189 |      48 |  20.3
            +---------+---------+-------+---------+---------+-------
        D:1 |      35 |       0 |   0.0 |       9 |       0 |   0.0
        D:2 |     116 |       0 |   0.0 |      22 |       0 |   0.0
        D:3 |      36 |       0 |   0.0 |      16 |       0 |   0.0
        D:4 |       3 |       0 |   0.0 |       1 |       0 |   0.0
        D:5 |     375 |       0 |   0.0 |       7 |       0 |   0.0
        D:6 |     358 |       0 |   0.0 |       6 |       0 |   0.0
        D:7 |    1657 |       0 |   0.0 |      26 |       0 |   0.0
        D:8 |     621 |       0 |   0.0 |      16 |       0 |   0.0
        D:9 |    1620 |      61 |   3.6 |      13 |       2 |  13.3
       D:10 |    2054 |       0 |   0.0 |      23 |       0 |   0.0
       D:11 |    3891 |    6296 |  61.8 |      24 |      20 |  45.5
       D:12 |    2691 |       0 |   0.0 |      17 |       0 |   0.0
       D:13 |     520 |     268 |  34.0 |       9 |       1 |  10.0
      IceCv |       0 |    1992 | 100.0 |       0 |      25 | 100.0
            +---------+---------+-------+---------+---------+-------
